 Dungeon Crawl Stone Soup version 0.16-a0-3855-gd2600ac (webtiles) character file.

1239 timbw the Basher (level 8, -11/70 HPs)
             Began as a Troll Hunter on Jan 31, 2015.
             Was a Follower of Dithmenos.
             Mangled by an orc warrior
             ... wielding a +0 trident
              (22 damage)
             ... on level 7 of the Dungeon.
             The game lasted 00:10:10 (1784 turns).

timbw the Basher (Troll Hunter)                     Turns: 1784, Time: 00:10:10

Health: -11/70     AC:  6    Str: 21    XL:     8   Next: 25%
Magic:  3/3        EV:  5    Int:  7    God:    Dithmenos [*.....]
Gold:   91         SH: 11    Dex: 12    Spells: 0 memorised, 7 levels left

rFire  . . .     SeeInvis .     u - +0 flail
rCold  . . .     Clarity  .     d - +0 animal skin
rNeg   . . .     SustAb   .     y - +0 large shield
rPois  .         Gourm    +     (helmet restricted)
rElec  .         Spirit   .     w - +0 cloak
rCorr  .         Warding  .     (gloves unavailable)
rMut   .         Stasis   .     (boots unavailable)
MR     .....                    (no amulet)
Stlth  +.........               (no ring)
                                (no ring)

@: wreathed by umbra, not resistant to hostile enchantments, very unstealthy
A: unfitting armour, claws 3, fast metabolism 3, gourmand, regeneration 2,
shaggy fur 1, tough skin 2
a: Renounce Religion


You were on level 7 of the Dungeon.
You worshipped Dithmenos.
Dithmenos was aware of your devotion.
You were very full.

You visited 2 branches of the dungeon, and saw 9 of its levels.

You collected 91 gold pieces.

Inventory:

Hand weapons
 a - a +0 club
 l - a cursed +0 mace
 p - a +0 blowgun
 u - a +0 flail (weapon)
Armour
 d - a +0 animal skin (worn)
 w - a +0 cloak (worn)
 y - a +0 large shield (worn)
Scrolls
 b - a scroll of amnesia {unknown}
 g - 4 scrolls of remove curse {unknown}
 h - a scroll of identify {unknown}
 j - a scroll of noise {unknown}
 m - a scroll of blinking {unknown}
 q - a scroll of teleportation {unknown}
 s - a scroll of recharging {unknown}
Potions
 e - a potion of might {unknown}
 i - a potion of haste
 k - 2 potions of heal wounds {unknown}
 t - 2 potions of cure mutation {unknown}
 v - a potion of curing {unknown}
 x - a potion of flight {unknown}
Comestibles
 f - 2 meat rations
 n - 2 bread rations
 r - a beef jerky
 z - a chunk of flesh


   Skills:
 - Level 1.5 Fighting
 + Level 9.0 Maces & Flails
 - Level 3.6 Throwing
 - Level 1.5 Dodging
 - Level 0.4 Stealth


You had 7 spell levels left.
You didn't know any spells.

Dungeon Overview and Level Annotations

Branches:
Dungeon (8/15)             Temple (1/1) D:4
   Lair: D:8-11

Altars:
Ashenzari
Dithmenos
Fedhas
Gozag
Kikubaaqudgha
Qazlal
Ru
Sif Muna
Trog
Vehumet
Xom
The Shining One


Innate Abilities, Weirdness & Mutations

You are too large for most types of armour.
You have claws for hands.
Your metabolism is lightning-fast.
You like to eat raw meat.
You heal very quickly.
You are covered in fur (AC +1).
You have very tough skin (AC +2).


Message History

The orc warrior hits you with a trident!
You sock the orc warrior!
The orc warrior is severely wounded.
You block the orc warrior's attack.
You closely miss the orc warrior.
The orc warrior is severely wounded.
The orc shouts!
The orc warrior hits you with a trident!!
* * * LOW HITPOINT WARNING * * *
You hit the orc warrior.
The orc warrior is almost dead.
The orc warrior hits you with a trident!
* * * LOW HITPOINT WARNING * * *
You closely miss the orc warrior.
The orc warrior is almost dead.
You block the orc warrior's attack.
You barely miss the orc warrior.
The orc warrior is almost dead.
The orc warrior hits you with a trident!!
You die...

...###+#..............
..........#+##'#....#+
.######'#.......+....#....#.
........'.......#....+....'.
........#.......##'###....#.
.........###+#............##+
..........((.#(...........'..
o(##.....##oo(.....)......#†.
##'#####.@#.....)[.....##+ ..
##'##'#.....##'###. ...
#.....'.....#....#. .
+.....#.....#....+.
#.....#.....#....#.
##+####.....+....#.
...........#....#.
..........##+####
......#+##.....S..


You could see an orc warrior and an orc.

Vanquished Creatures
  The ghost of Roderic the Chucker, an experienced KoHu of Dithmenos (D:6)
  A troll (D:7)
  A yak (D:7)
  The ghost of Roderic the Slinger, an average HaHu of Trog (D:5)
  An ice beast (D:5)
  A giant frog (D:5)
  A scorpion (D:6)
  A jelly (D:7)
  An iguana (D:6)
  An orc priest (D:7)
  3 worker ants
  Ijyb (D:4)
  A hound skeleton (D:4)
  5 adders
  A giant mite (D:5)
  3 worms
  2 giant geckos (D:2)
  9 orcs
  6 bats
  A bat skeleton (D:4)
  A giant cockroach (D:4)
  3 goblins
  7 hobgoblins
  2 quokkas
  2 ball pythons (D:4)
  3 giant newts
  4 jackals
  A jackal skeleton (D:5)
  5 kobolds
  3 rats
73 creatures vanquished.

Notes
Turn   | Place    | Note
--------------------------------------------------------------
     0 | D:1      | timbw, the Troll Hunter, began the quest for the Orb.
     0 | D:1      | Reached XP level 1. HP: 19/19 MP: 1/1
   117 | D:2      | Reached skill level 1 in Maces & Flails
   123 | D:2      | Reached XP level 2. HP: 25/27 MP: 1/1
   128 | D:2      | Found an opulent altar of Gozag.
   173 | D:2      | Found a bloodstained altar of Trog.
   176 | D:2      | Reached XP level 3. HP: 33/33 MP: 2/2
   294 | D:4      | Noticed Ijyb
   320 | D:4      | Killed Ijyb
   352 | D:4      | Reached XP level 4. HP: 39/41 MP: 2/2
   504 | D:4      | Reached skill level 4 in Maces & Flails
   526 | D:4      | Found a staircase to the Ecumenical Temple.
   573 | Temple   | Entered the Ecumenical Temple
   611 | Temple   | Became a worshipper of Dithmenos the Shadowed
   666 | D:4      | Reached XP level 5. HP: 48/48 MP: 2/2
   742 | D:5      | Entered Level 5 of the Dungeon
   744 | D:5      | Noticed an ice beast
   756 | D:5      | Killed an ice beast
   756 | D:5      | Reached skill level 5 in Maces & Flails
   784 | D:5      | Got a transparent great sword
   785 | D:5      | Identified the +5 great sword "Blatox" {freeze, rF+ Str+4} (You found it on level 5 of the Dungeon)
   813 | D:5      | Noticed Roderic's ghost (average HaHu)
   844 | D:5      | Killed Roderic's ghost
   844 | D:5      | Reached XP level 6. HP: 45/55 MP: 3/3
   937 | D:5      | Reached skill level 6 in Maces & Flails
  1157 | D:6      | Found a stormy altar of Qazlal.
  1157 | D:6      | Found a blossoming altar of Fedhas.
  1222 | D:6      | Noticed Roderic's ghost (experienced KoHu)
  1382 | D:6      | HP: 2/55 [Roderic's ghost (6)]
  1439 | D:6      | Killed Roderic's ghost
  1439 | D:6      | Reached skill level 7 in Maces & Flails
  1439 | D:6      | Reached XP level 7. HP: 15/62 MP: 3/3
  1604 | D:7      | Noticed a troll
  1633 | D:7      | Killed a troll
  1633 | D:7      | Reached skill level 8 in Maces & Flails
  1633 | D:7      | Reached XP level 8. HP: 42/70 MP: 3/3
  1712 | D:7      | Reached skill level 9 in Maces & Flails
  1784 | D:7      | Mangled by an orc warrior

Action                   |  1- 3 |  4- 6 |  7- 9 || total
-------------------------+-------+-------+-------++-------
Melee: Unarmed           |    96 |   102 |       ||   198
       Flail             |       |   100 |    56 ||   156
 Fire: Blowgun           |       |       |     1 ||     1
Throw: Large rock        |       |    28 |     7 ||    35
       Throwing net      |       |       |     3 ||     3
  Use: Scroll            |       |     1 |       ||     1
       Potion            |       |     1 |       ||     1
 Stab: Sleeping          |     1 |     1 |       ||     2
       Held in net/web   |       |       |     1 ||     1
  Eat: Chunk             |     2 |     9 |     6 ||    17
       Meat ration       |       |       |     1 ||     1
